AoeStats
← die trying

Arabia

503675544Analyzed
1v1 RM · 1mo ago on Sep 1, 2026· 21m 17s· 2 players
Game mode
Random Map
Map size
Tiny (2 player)
Population
200
Speed
Normal
Resources
Standard
Victory
Conquest
Starting age
Dark Age
Ending age
Imperial Age
RankedLock teamsTeams togetherTeam positionsShared explorationLock speedFull tech treeHidden civsTurbo modeCheats
Victory
Defeat
🇸🇮 Bengalis · Slovenia
2056
+9
🇨🇱 Mongols · Chile
1882
-9
Shoskid
6:20 Loom
10:06 Feudal Age
14:45 Castle Age
16:33 Double-Bit Axe
18:32 Sanctity
die trying
6:20 Loom
8:31 Feudal Age
8:36 Man-at-Arms
10:24 Town Watch
13:31 Fletching
Connection lost

Rejoining the realm…

Still unreachable

The connection could not be restored.

Session expired

The server has moved on; the page needs a fresh start.